 Dungeon Crawl Stone Soup version 0.25-a0-890-g62861fb (webtiles) character file.

Game seed: 10530234218583400524, levelgen mode: deterministic

120 BlueFish the Insei (level 5, 0/34 HPs)
             Began as an Octopode Transmuter on May 10, 2020.
             Killed from afar by an orc (16 damage)
             ... with an iceblast
             ... on level 3 of the Dungeon.
             The game lasted 00:05:39 (2288 turns).

BlueFish the Insei (Octopode Transmuter)            Turns: 2288, Time: 00:05:40

Health: 0/34       AC:  1    Str: 10    XL:     5   Next: 4%
Magic:  7/8        EV: 13    Int: 16    God:
Gold:   217        SH:  0    Dex: 12    Spells: 2/8 levels left

rFire    . . .     SeeInvis .     - Unarmed
rCold    . . .     Gourm    .   (no shield)
rNeg     . . .     Faith    .   k - +0 hat
rPois    .         Spirit   .   (no amulet)
rElec    .         Reflect  .   (no ring)
rCorr    .         Harm     .   (no ring)
MR       .....                  (no ring)
Stlth    +++.......             (no ring)
HPRegen  0.11/turn              (no ring)
MPRegen  0.11/turn              (no ring)
                                (no ring)
                                (no ring)

@: appendage
A: almost no armour, stealthy swim, amphibious, 8 rings, constrict 8, tentacle
spike 3, camouflage 1, gelatinous body 1
a: End Transformation


You were on level 3 of the Dungeon.
You were not hungry.
One of your tentacles had a temporary spike.
You visited 1 branch of the dungeon, and saw 3 of its levels.

You collected 217 gold pieces.

Inventory:

Missiles
 a - 12 arrows
Armour
 k - a +0 hat (worn)
Scrolls
 b - a scroll of enchant weapon {unknown}
 d - a scroll of teleportation
 f - a scroll of enchant armour {unknown}
 h - a scroll of remove curse {unknown}
 i - 4 scrolls of blinking
Potions
 e - 2 potions of heal wounds
 g - 2 potions of stabbing
 j - a potion of berserk rage {unknown}
 l - a potion of haste {unknown}
 m - 2 potions of resistance {unknown}
Comestibles
 c - 7 rations
 n - 2 chunks of flesh


   Skills:
 * Level 1.8 Fighting
 * Level 2.4 Dodging
 * Level 2.0 Stealth
 * Level 3.9 Unarmed Combat
 + Level 2.4 Spellcasting
 * Level 2.6 Transmutations
 * Level 0.6 Poison Magic


You had 2 spell levels left.
You knew the following spells:

 Your Spells              Type           Power        Failure   Level  Hunger
a - Beastly Appendage     Tmut           ##....       7%          1    #......
b - Sticks to Snakes      Tmut           ##......     11%         2    ###....
c - Spider Form           Tmut/Pois      #.........   30%         3    ###....

Your spell library contained the following spells:

 Spells                   Type           Power        Failure   Level  Hunger
 Ice Form                 Ice/Tmut       #.......     75%         4    #####..
 Blade Hands              Tmut           ##........   88%         5    ######.


Dungeon Overview and Level Annotations

Branches:
Dungeon (3/15)

Altars:
Gozag
Nemelex Xobeh
The Shining One


Innate Abilities, Weirdness & Mutations

You cannot wear most types of armour.
You are very stealthy in the water. (Stealth+)
You are amphibious.
You can wear up to eight rings at the same time.
You can use your tentacles to constrict eight enemies at once.
Your skin changes colour to match your surroundings (Stealth+).
Your rubbery body absorbs attacks. (AC +1, EV +1)
One of your tentacles bears a large vicious spike.


Message History

a +0 trident; an orc corpse You butcher the orc corpse.
Things that are here:
a +0 trident; a chunk of flesh; an orc skeleton
Items here: $ )) † a cursed -2 club; a +0 dagger; 5 gold pieces; an orc corpse You butcher the orc corpse.
Your tentacle spike disappears.
Items here: $ % )) ÷ a cursed -2 club; a +0 dagger; 5 gold pieces; 2 chunks of flesh an orc skeleton The orc shouts!
You hear a shout!
Casting: Beastly Appendage (safe; 7% risk of failure)
Confirm with . or Enter, or press ? or * to list all spells.
One of your tentacles grows a vicious spike.
The orc zaps a wand.
The mass of ice explodes!
The iceblast engulfs you!!
Ouch! That really hurt!
You hear a shout!
You hear an angry hiss.
The orc zaps a wand.
The mass of ice explodes!
The iceblast engulfs you!
You die...

##.....#####.####
#............#### ..o...
#.......###.....# .....
#...#####...##.#### ..>o ..#
###..#.# #. . ... # ##.#.###.
... .. #.....#. ....##.
##############.##.#.
.....o.###))@................
.........o..###############.).
..........#.....# #.....
..........####..# #.###.
##.<........# ## #. #..
##.$..#...#### # #...
#.....###. #... ......)###
#... ..<....# #...


You could see an orc.

Vanquished Creatures
  Natasha (D:3)
  4 adders (D:2)
  3 orcs (D:3)
  A ball python (D:3)
  2 giant cockroaches
  4 goblins
  9 hobgoblins
  4 jackals (D:2)
  8 kobolds
  10 bats
  4 frilled lizards
  7 rats
57 creatures vanquished.

Notes
Turn   | Place    | Note
-------+----------+-------------------------------------------
     0 | D:1      | BlueFish the Octopode Transmuter began the quest for the
                  | Orb.
     0 | D:1      | Reached XP level 1. HP: 13/13 MP: 3/3
   135 | D:1      | Reached XP level 2. HP: 13/18 MP: 5/5
   286 | D:1      | Learned a level 2 spell: Sticks to Snakes
   686 | D:1      | Reached XP level 3. HP: 23/23 MP: 4/6
   957 | D:2      | Reached skill level 1 in Stealth
   960 | D:2      | Reached XP level 4. HP: 23/28 MP: 4/7
   965 | D:2      | Learned a level 3 spell: Spider Form
  1329 | D:2      | Found a glowing golden altar of the Shining One.
  2085 | D:3      | Noticed Natasha
  2092 | D:3      | Killed Natasha
  2189 | D:3      | Found an opulent altar of Gozag.
  2189 | D:3      | Found a sparkling altar of Nemelex Xobeh.
  2270 | D:3      | Reached XP level 5. HP: 32/34 MP: 6/8
  2288 | D:3      | Killed from afar by an orc

Levels and vault maps discovered:
D:1:      dpeg_arrival_chambers_temple_mockup, layout_rooms,
          columned_hall_lemuel
D:2:      layout_loops_ring, nicolae_tso_carved_into_rock, first_ration
D:3:      layout_rooms, grunt_temple_overflow_opulence,
          nicolae_overflow_crystal_walls, cheibriados_altar_1, uniq_natasha

Skill      XL: |  1  2  3  4  5 |
---------------+----------------+-----
Stealth        | 1 2 |  2.0
Fighting       | |  1.8
Dodging        | |  2.4
Unarmed Combat | |  3.9
Spellcasting   | |  2.4
Transmutations | |  2.6
Poison Magic   | |  0.6

Action                   |  1- 3 |  4- 6 || total
-------------------------+-------+-------++-------
Melee: Unarmed           |    64 |    44 ||   108
       Constrict         |    18 |    14 ||    32
       Kick              |    13 |    11 ||    24
       Tentacles         |     8 |     6 ||    14
       Punch             |       |     1 ||     1
 Cast: Beastly Appendage |    15 |    16 ||    31
  Use: Scroll            |     4 |     1 ||     5
 Stab: Sleeping          |     4 |     6 ||    10
  Eat: Chunk             |       |     5 ||     5
Armor: Skin              |     8 |     5 ||    13
Dodge: Dodged            |    54 |    18 ||    72

Table legend:
 A = Non-vault XP
 B = Vault XP
 C = Vault XP percentage of total XP
 D = Non-vault monster count
 E = Vault monster count
 F = Vault count percentage of total count
                 A         B        C        D         E       F
            +---------+---------+-------+---------+---------+-------
      Total |     137 |      35 |  20.3 |      56 |       1 |   1.8
            +---------+---------+-------+---------+---------+-------
        D:1 |      42 |       0 |   0.0 |      30 |       0 |   0.0
        D:2 |      78 |       0 |   0.0 |      17 |       0 |   0.0
        D:3 |      17 |      35 |  67.3 |       9 |       1 |  10.0
            +---------+---------+-------+---------+---------+-------
